 Seeded DCSS version 0.28-a0-1356-g2ad6d04315 (webtiles) character file.

Game seed: 3977678538937653055 (custom seed)

81 croobank the Insei (level 4, -11/29 HPs)
             Began as an Octopode Transmuter on Dec 30, 2021.
             Killed by divine providence
             ... invoked by an orc priest
              (14 damage)
             ... on level 3 of the Dungeon.
             The game lasted 00:15:30 (2750 turns).

croobank the Insei (Octopode Transmuter)            Turns: 2750, Time: 00:15:30

Health: -11/29     AC:  1    Str: 11    XL:     4   Next: 42%
Magic:  7/7        EV: 13    Int: 15    God:
Gold:   168        SH:  0    Dex: 12    Spells: 2/8 levels left

rFire   + . .      SeeInvis .   a - +2 dagger (speed)
rCold   . . .      Faith    .   (no shield)
rNeg    . . .      Spirit   .   (helmet restricted)
rPois   .          Reflect  .   (no amulet)
rElec   .          Harm     .   (no ring)
rCorr   .          Rampage  .   (no ring)
Will    +....                   (no ring)
Stlth   ++........              (no ring)
HPRegen 0.09/turn               (no ring)
MPRegen 0.10/turn               (no ring)
                                (no ring)
                                (no ring)

@: hasted, unable to read, very quick
A: almost no armour, amphibious, 8 rings, camouflage 1, gelatinous body 1,
(nimble swimmer 1), tentacles, fangs 1, tentacle spike 1, fire resistance 1,
strong-willed 1, inability to read while threatened
a: no special abilities


You were on level 3 of the Dungeon.
You visited 1 branch of the dungeon, and saw 3 of its levels.

You collected 168 gold pieces.

Inventory:

Hand Weapons
 a - a +2 dagger of speed (weapon)
Missiles
 i - 26 bolts
 k - 46 stones
Scrolls
 b - 4 scrolls of identify {identify, unknown}
 c - 2 scrolls of acquirement {acquirement, unknown}
 d - a scroll of torment {torment, unknown}
 e - a scroll of holy word {holy word, unknown}
 g - 3 scrolls of vulnerability {vulnerability, unknown}
 h - 3 scrolls of noise {noise, unknown}
 j - a scroll of fog {fog, unknown}
 l - a scroll of enchant armour {enchant armour, unknown}
Potions
 f - a potion of degeneration {degeneration, unknown}
 n - a potion of haste {haste}


   Skills:
 + Level 1.9 Fighting
 + Level 0.6 Short Blades
 + Level 2.6 Dodging
 - Level 3.3 Unarmed Combat
 + Level 2.5 Spellcasting
 + Level 2.6 Transmutations


You had 2 spell levels left.
You knew the following spells:

 Your Spells              Type           Power      Damage    Failure   Level
a - Beastly Appendage     Tmut           18%        N/A       7%          1
b - Wereblood             Tmut           9%         N/A       11%         2
c - Spider Form           Tmut/Pois      5%         N/A       36%         3

Your spell library contained the following spells:

 Spells                   Type           Power      Damage    Failure   Level
 Ice Form                 Ice/Tmut       5%         N/A       77%         4


Dungeon Overview and Level Annotations

Branches:
Dungeon (3/15)

Altars:


Innate Abilities, Weirdness & Mutations

You cannot wear most types of armour.
You are amphibious.
You can wear up to eight rings at the same time.
Your skin changes colour to match your surroundings (Stealth+).
Your rubbery body absorbs attacks. (AC +1, EV +1)
((You are camouflaged when in or above water. (Stealth+)))
You have tentacles for arms and can constrict up to eight enemies at once.
You have very sharp teeth.
One of your tentacles bears a spike.
Your flesh is heat resistant. (rF+)
You are strong-willed. (Will+)
You sometimes lose the ability to read scrolls when taking damage.


Message History

The orc moves out of view.
An orc comes into view. It is wielding a +0 flail.
The orc shouts!
The orc moves out of view.
The orc priest mumbles some strange prayers to Beogh against you.
Beogh smites you!
The orc priest calls down the wrath of Beogh upon you.
Beogh smites you!
You feel threatened and lose the ability to read scrolls!
* * * LOW HITPOINT WARNING * * *
You hit the orc. Your grab misses the orc.
You pierce the orc.
The orc is heavily wounded.
The orc barely misses you.
You hit the orc.
You kill the orc!
It was a potion of curing {curing}.
You feel better. The orc hits you but does no damage.
It was a potion of haste {haste}.
You feel yourself speed up. The orc misses you.
You closely miss the orc. Your grab misses the orc.
You pierce the orc.
The orc is almost dead.
You hit the orc.
You kill the orc!
An orc comes into view. It is wielding a +0 dagger.
You hit the orc. You grab the orc. Your squeeze misses the orc.
The orc is moderately wounded.
You constrict the orc. You hit the orc. You squeeze the orc.
You kill the orc!
The orc priest casts a cantrip, but nothing happens.
The orc priest calls down the wrath of Beogh upon you.
Beogh smites you!
* * * LOW HITPOINT WARNING * * *
Items here: ))) ††.
You hit the orc priest. Your grab misses the orc priest.
You pierce the orc priest.
The orc priest is heavily wounded.
The orc priest invokes the aid of Beogh against you.
Beogh smites you!
You die...

###. #.... ....
......>.# ### #
###.#......#####..
.##...#......##.....
..#.###......##.##..
#.#)# #......#......
#.#@# ......#...###
#.#o#####.#.....####
####.#o#...............
##.....o..........#.....
#........##.####..###...
#######.....# #### ##..
#.o#.### #.# ##....#
#######.# #..##.#
#........


You could see an orc priest and 3 orcs.

Vanquished Creatures
  An adder (D:2)
  3 worms
  A dart slug (D:1)
  4 orcs (D:3)
  5 ball pythons
  5 endoplasms
  3 giant cockroaches (D:1)
  5 goblins
  2 hobgoblins
  4 jackals (D:1)
  2 quokkas
  5 bats (D:1)
  3 frilled lizards
  7 kobolds
  4 rats
54 creatures vanquished.

Notes
Turn   | Place    | Note
-------+----------+-------------------------------------------
     0 | D:1      | croobank the Octopode Transmuter began the quest for the
                  | Orb.
     0 | D:1      | Reached XP level 1. HP: 13/13 MP: 3/3
   159 | D:1      | Reached XP level 2. HP: 7/18 MP: 5/5
   160 | D:1      | Gained mutation: You are dopey. (Int -2) [potion of
                  | mutation]
   160 | D:1      | Lost mutation: You are dopey. (Int -2) [potion of mutation]
   720 | D:1      | Learned a level 2 spell: Wereblood
   964 | D:1      | Reached XP level 3. HP: 6/23 MP: 4/6
  1530 | D:1      | Gained mutation: You have very sharp teeth. [potion of
                  | mutation]
  1530 | D:1      | Gained mutation: You have hidden genetic defects. [potion
                  | of mutation]
  1531 | D:1      | Lost mutation: You have hidden genetic defects. [potion of
                  | mutation]
  1531 | D:1      | Gained mutation: Your flesh is heat resistant. (rF+)
                  | [potion of mutation]
  1531 | D:1      | Gained mutation: One of your tentacles bears a spike.
                  | [potion of mutation]
  1531 | D:1      | Gained mutation: You sometimes lose the ability to read
                  | scrolls when taking damage. [potion of mutation]
  1531 | D:1      | Gained mutation: You are strong-willed. (Will+) [potion of
                  | mutation]
  1704 | D:2      | Learned a level 3 spell: Spider Form
  1897 | D:2      | Reached XP level 4. HP: 29/29 MP: 7/7
  2064 | D:2      | Found a faded altar of an unknown god.
  2750 | D:3      | Killed from afar by an orc priest

Illustrated notes

Levels and vault maps discovered:
D:1:      roderic_crossed_star, layout_basic, minmay_small_reverse_x
D:2:      layout_basic, shapermc_ecumenical_altar_starsandcircs,
          serial_bayou_pond_b, minmay_misc_feat_secret_circle
D:3:      layout_rooms, mainiacjoe_overflow_two_lobes, minmay_lizard_king

Action                   |  1- 3 |  4- 6 || total
-------------------------+-------+-------++-------
Melee: Dagger            |    73 |    32 ||   105
       Constrict         |    21 |     5 ||    26
       Kick              |    15 |    11 ||    26
       Unarmed           |     2 |       ||     2
       Tentacles         |    14 |     4 ||    18
       Bite              |     1 |     1 ||     2
       Punch             |       |     2 ||     2
 Cast: Beastly Appendage |    16 |       ||    16
  Use: Potion            |     4 |     2 ||     6
 Stab: Sleeping          |     6 |     2 ||     8
Armor: Skin              |     8 |     2 ||    10
Dodge: Dodged            |    57 |    10 ||    67

Table legend: (Time is in decaauts)
 A = Elapsed time spent in this place.
 B = Non-inter-level travel time spent in this place.
 C = Inter-level travel time spent in this place.
 D = Time resting spent in this place.
 E = Time spent auto-exploring this place.
 F = Levels seen in this place.
 G = Mean time per level.
                   A        B        C        D        E       F      G
               +--------+--------+--------+--------+--------+-----+--------+
         Total |   2712 |   2665 |     47 |    755 |   1468 |   3 |  904.0 |
       Dungeon |   2712 |   2665 |     47 |    755 |   1468 |   3 |  904.0 |
               +--------+--------+--------+--------+--------+-----+--------+

Top non-repeatable levels by time:
     D:1: 1603 daAuts
     D:2: 951 daAuts
     D:3: 157 daAuts
